[Event "Titled Tuesday Blitz March 14 Early 2023"]
[White "Kiseleva, Arina"]
[Black "Ahn, Hongjin"]
[WhiteFideId "4164989"]
[BlackFideId "13201492"]
[WhiteElo "1756"]
[BlackElo "2182"]
[Result "0-1"]
[Round "05"]
[TimeControl "180+2"]
[Date "2023.03.14"]
[WhiteClock "0:00:04"]
[BlackClock "0:00:09"]

1. d4 Nf6 2. Nf3 e6 3. e3 d5 4. Bd3 c5 5. O-O c4 6. Be2 Nc6 7. b3 cxb3 8. axb3 Be7 9. Nbd2 O-O 10. Bb2 b6 11. Ne5 Bb7 12. f4 Ne8 13. Bd3 Nd6 14. Ba3 Nf5 15. Bxe7 Ncxe7 16. Rf3 f6 17. Ng4 Nd6 18. Rh3 Nef5 19. Nf2 g6 20. Qf3 Qe7 21. g4 Ng7 22. Qg3 Rf7 23. Qh4 Nge8 24. Bxg6 Rg7 25. Bxh7+ Rxh7 26. Qg3 Rxh3 27. Qxh3 Qh7 28. Qg3 Qxc2 29. Nf3 Rc8 30. Rxa7 Qxb3 31. g5 Qb1+ 32. Kg2 Nf5 33. Qh3 Ned6 34. Nh4 Nxh4+ 35. Qxh4 Qh7 36. Qg4 Qf5 37. Qh4 fxg5 38. fxg5 Rc2 39. Qg3 Ne4 40. Qb8+ Bc8 41. Qf4 Qxf4 42. exf4 Rxf2+ 43. Kg1 Rxf4 44. Ra8 Rg4+ 45. Kf1 Nd6 46. Rb8 Rxd4 47. Rxb6 Nf7 48. Rc6 Kg7 49. Rxc8 Nxg5 50. h4 Nf7 51. h5 Rh4 52. h6+ Rxh6 53. Re8 Rf6+ 54. Ke2 Nd6 55. Re7+ Kg6 56. Rd7 Nf5 57. Kd3 Nh6 58. Rd8 Nf7 59. Re8 Kf5 60. Kd4 Nd6 61. Rd8 Nf7 62. Re8 Ng5 63. Rg8 Nf3+ 64. Ke3 Ne5 65. Kd4 Nc6+ 66. Kc5 Ne7 67. Rf8 Rxf8 0-1


[Site "https://www.chess.com"]

[Event "Titled Tuesday Blitz March 14 Early 2023"]
[White "Aung Thant Zin"]
[Black "Garv Gaur"]
[WhiteFideId "13000063"]
[BlackFideId "45030839"]
[WhiteElo "2278"]
[BlackElo "2068"]
[Result "0-1"]
[Round "05"]
[TimeControl "180+2"]
[Date "2023.03.14"]
[WhiteClock "0:00:06"]
[BlackClock "0:01:23"]

1. e4 Nc6 2. Nf3 d6 3. d4 g6 4. h3 Bg7 5. Nc3 e5 6. d5 Nce7 7. Bg5 h6 8. Bxe7 Nxe7 9. g4 f5 10. gxf5 gxf5 11. Nh4 Bf6 12. Qh5+ Kf8 13. exf5 Qe8 14. Ng6+ Nxg6 15. fxg6 Kg7 16. Bd3 c6 17. O-O-O Rf8 18. h4 Be7 19. Ne4 Rf4 20. Ng5 Bg4 21. Ne6+ Bxe6 22. dxe6 Bf6 0-1


[Site "https://www.chess.com"]

[Event "Titled Tuesday Blitz March 14 Early 2023"]
[White "Tan, Zhongyi"]
[Black "Torres Dominguez, David"]
[WhiteFideId "8603642"]
[BlackFideId "2220857"]
[WhiteElo "2519"]
[BlackElo "1999"]
[Result "1-0"]
[Round "05"]
[TimeControl "180+2"]
[Date "2023.03.14"]
[WhiteClock "0:00:04"]
[BlackClock "0:00:01"]

1. d4 e5 2. dxe5 d6 3. exd6 Bxd6 4. Nf3 Bg4 5. g3 Nc6 6. Bg2 Qe7 7. c3 Nf6 8. Bg5 h6 9. Bxf6 Qxf6 10. Nbd2 O-O-O 11. Qc2 Rhe8 12. Ne4 Qe6 13. Nxd6+ Rxd6 14. e3 Bh3 15. O-O Bxg2 16. Kxg2 g5 17. Rad1 Rxd1 18. Rxd1 Qxa2 19. c4 Qa5 20. Rd5 Qa6 21. Qf5+ Kb8 22. Qxf7 Rc8 23. Rb5 Na5 24. Ne5 b6 25. Qd5 c6 26. Qd6+ Ka8 27. Rb4 Qb7 28. c5 b5 29. Rd4 Nb3 30. Rd3 Nc1 31. Rd1 Nb3 32. Nd7 Qc7 33. Qe6 Rd8 34. Qxb3 Rxd7 35. Qg8+ Kb7 36. Rxd7 Qxd7 37. Qg6 Qd5+ 38. e4 Qxc5 39. Qxh6 b4 40. Qxg5 Qd4 41. Qe7+ Kb6 42. b3 a5 43. h4 a4 44. bxa4 b3 45. a5+ Kxa5 46. Qa3+ 1-0


[Site "https://www.chess.com"]

[Event "Titled Tuesday Blitz March 14 Early 2023"]
[White "Cheng, Xiao"]
[Black "Garcia Pantoja, Roberto"]
[WhiteFideId "2022915"]
[BlackFideId "3509265"]
[WhiteElo "2457"]
[BlackElo "2544"]
[Result "1-0"]
[Round "05"]
[TimeControl "180+2"]
[Date "2023.03.14"]
[WhiteClock "0:00:13"]
[BlackClock "0:00:11"]

1. e4 c5 2. Nf3 d6 3. d4 cxd4 4. Nxd4 Nf6 5. Nc3 a6 6. Bc4 e6 7. Bb3 Nbd7 8. Be3 Nc5 9. f3 b5 10. Qd2 Bd7 11. g4 h6 12. Nce2 a5 13. c3 a4 14. Bc2 Be7 15. Ng3 a3 16. b3 Qc7 17. h4 d5 18. Rg1 dxe4 19. g5 hxg5 20. hxg5 Nd5 21. Nxe4 Nxe3 22. Qxe3 Rh2 23. Nf2 Bd6 24. g6 Bf4 25. gxf7+ Kxf7 26. Qe2 Bg3 27. Rf1 Nxb3 28. Nxb3 Qxc3+ 29. Qd2 Qe5+ 30. Be4 Rd8 31. Qd4 Qf4 32. Rd1 Be8 33. Qa7+ Kf8 34. Rxd8 Qe5 35. Rxe8+ Kxe8 36. Qa8+ Kf7 37. Qb7+ Kf6 38. Qc6 Qb2 39. Qc2 Qe5 40. Ke2 Bxf2 41. Rxf2 Rh1 42. Nd2 Qa1 43. Rf1 Rh2+ 44. Rf2 Rh1 45. Nf1 Qe5 46. Ke3 g5 47. Qd2 Qf4+ 48. Ke2 Qe5 49. Qd3 Ke7 50. Qxa3+ Kf7 51. Qb3 Kf6 52. Qc2 b4 53. f4 gxf4 54. Kf3 Rh3+ 55. Ke2 Rh4 56. Ng3 Ke7 57. Nf1 f3+ 58. Rxf3 Rxe4+ 59. Re3 Rxe3+ 60. Nxe3 Qh2+ 61. Kd3 Qe5 62. Qc4 Qb2 63. Qb3 Qa1 64. Qxb4+ Kf7 65. a4 Qe5 66. Nc4 Qd5+ 67. Kc3 Qf3+ 68. Kb2 Qe2+ 69. Nd2 Qa6 70. a5 Qd3 71. Qb6 Qxd2+ 72. Kb3 Qd3+ 73. Kb4 e5 74. a6 Qd2+ 75. Kb5 Qd3+ 76. Kc6 e4 77. a7 e3 78. Qb7+ Kf6 79. a8=Q e2 80. Qf8+ Ke5 81. Qbe7+ Kd4 82. Qfd8+ Kc3 83. Qxd3+ Kxd3 84. Qd6+ Kc2 85. Qg3 Kd2 86. Qf4+ Kc2 87. Qc4+ Kd2 88. Qd4+ Kc2 89. Qe3 Kd1 90. Qd3+ Ke1 91. Kd5 Kf1 92. Qf3+ Ke1 93. Ke4 Kd2 94. Qd3+ Ke1 95. Kf3 Kf1 96. Qxe2+ Kg1 97. Qg2# 1-0


[Site "https://www.chess.com"]

[Event "Titled Tuesday Blitz March 14 Early 2023"]
[White "Pham, Le Thao Nguyen"]
[Black "Shuvalov, Evgenij"]
[WhiteFideId "12401226"]
[BlackFideId "4187237"]
[WhiteElo "2282"]
[BlackElo "2080"]
[Result "1-0"]
[Round "05"]
[TimeControl "180+2"]
[Date "2023.03.14"]
[WhiteClock "0:00:19"]
[BlackClock "0:00:12"]

1. Nf3 Nf6 2. c4 g6 3. g3 c6 4. Bg2 d5 5. cxd5 cxd5 6. O-O Bg7 7. d4 Ne4 8. Ng5 Nxg5 9. Bxg5 Nc6 10. Nc3 Nxd4 11. Nxd5 Nc6 12. Rc1 f6 13. Be3 O-O 14. Qb3 Kh8 15. Rfd1 Bd7 16. Nf4 Qc8 17. Bd5 e5 18. Ne6 Re8 19. Nc5 Re7 20. Qxb7 Be8 21. Bxc6 Rxb7 22. Bxb7 Qb8 23. Bxa8 Qxa8 24. Ne6 Qb7 25. Rd8 Qf7 26. Rcc8 h5 27. Rxe8+ Kh7 28. Nxg7 Qxg7 29. Bc5 Kh6 30. Re7 Qxe7 31. Bxe7 f5 32. h4 g5 33. Bxg5+ Kg6 34. Rc6+ Kg7 35. f3 1-0


[Site "https://www.chess.com"]

[Event "Titled Tuesday Blitz March 14 Early 2023"]
[White "Fiorito, Joaquin"]
[Black "Sarkar, Justin"]
[WhiteFideId "180173"]
[BlackFideId "2010011"]
[WhiteElo "2157"]
[BlackElo "2189"]
[Result "1-0"]
[Round "05"]
[TimeControl "180+2"]
[Date "2023.03.14"]
[WhiteClock "0:02:17"]
[BlackClock "0:00:01"]

1. d4 Nf6 2. Nc3 d5 3. Bf4 g6 4. e3 Bg7 5. h4 c5 6. h5 cxd4 7. exd4 Nxh5 8. Rxh5 gxh5 9. Qxh5 e6 10. Nb5 O-O 11. Bd3 f5 12. Nf3 Nc6 13. O-O-O Qe8 14. Qxe8 Rxe8 15. Nc7 Bd7 16. Nxa8 Rxa8 17. c3 Ne7 18. Be5 Bh6+ 19. Kb1 Ng6 20. Re1 Bg7 21. Bxg7 Kxg7 22. g3 Kf6 23. Rh1 1-0


[Site "https://www.chess.com"]

[Event "Titled Tuesday Blitz March 14 Early 2023"]
[White "Jeet, Jain"]
[Black "Jiganchine, Roman"]
[WhiteFideId "5073022"]
[BlackFideId "2603667"]
[WhiteElo "2067"]
[BlackElo "2323"]
[Result "1-0"]
[Round "05"]
[TimeControl "180+2"]
[Date "2023.03.14"]
[WhiteClock "0:02:23"]
[BlackClock "0:00:12"]

1. c4 e6 2. Nc3 d5 3. cxd5 exd5 4. d4 c6 5. Nf3 Bf5 6. Bf4 Nf6 7. e3 Bd6 8. Ne5 O-O 9. Bd3 Bxd3 10. Qxd3 Re8 11. O-O c5 12. Nb5 Bxe5 13. Bxe5 Na6 14. Rac1 c4 15. Qf5 Re6 16. b3 g6 17. Qf3 cxb3 18. axb3 Ne4 19. Rfd1 Qb6 20. Qe2 f6 21. Bf4 Rae8 22. f3 g5 23. Bc7 Nxc7 24. Nxc7 Qxb3 25. fxe4 Rxe4 26. Nxe8 1-0


[Site "https://www.chess.com"]

[Event "Titled Tuesday Blitz March 14 Early 2023"]
[White "aidenzhouu"]
[Black "Ginzburg, Yakov"]
[BlackFideId "4157176"]
[WhiteElo "2418"]
[BlackElo "2305"]
[Result "0-1"]
[Round "05"]
[TimeControl "180+2"]
[Date "2023.03.14"]
[WhiteClock "0:00:32"]
[BlackClock "0:01:50"]

1. d4 d5 2. c4 c6 3. Nf3 Nf6 4. e3 a6 5. b3 Bg4 6. Nbd2 c5 7. dxc5 e5 8. Be2 e4 9. Nd4 Bxe2 10. Qxe2 Bxc5 11. Bb2 O-O 12. O-O Nc6 13. Nf5 d4 14. exd4 Nxd4 15. Nxd4 Bxd4 16. Bxd4 Qxd4 17. Rfd1 Rad8 18. Nf1 Qe5 19. Ne3 h5 20. h3 g6 21. Rd2 Qxa1+ 0-1


[Site "https://www.chess.com"]

[Event "Titled Tuesday Blitz March 14 Early 2023"]
[White "Kornyukov, Alexey"]
[Black "Garakov, Mikhael"]
[WhiteFideId "4150457"]
[BlackFideId "4169034"]
[WhiteElo "2352"]
[BlackElo "2347"]
[Result "0-1"]
[Round "05"]
[TimeControl "180+2"]
[Date "2023.03.14"]
[WhiteClock "0:00:38"]
[BlackClock "0:01:53"]

1. e4 c5 2. Nf3 e6 3. c3 d5 4. exd5 Qxd5 5. d4 Nf6 6. Be2 Nc6 7. O-O Be7 8. Be3 cxd4 9. cxd4 O-O 10. Nc3 Qd6 11. Nb5 Qb8 12. Qd2 Nd5 13. Bc4 Nxe3 14. fxe3 a6 15. Nc3 b5 16. Bd3 Bb7 17. Qc2 h6 18. e4 Rd8 19. d5 Nb4 20. Qe2 Nxd3 21. Qxd3 b4 22. Na4 exd5 23. e5 Bc6 24. b3 Bb5 25. Qf5 Bxf1 26. Rxf1 Qc8 27. Qf4 Qe6 28. Nd4 Qg6 29. Nc6 Bg5 30. Qf3 Qxc6 31. Qxf7+ Kh8 32. e6 Re8 0-1


[Site "https://www.chess.com"]

[Event "Titled Tuesday Blitz March 14 Early 2023"]
[White "Manukian, Artak"]
[Black "Samarth, J Rao"]
[WhiteFideId "13301373"]
[BlackFideId "46652370"]
[WhiteElo "2130"]
[BlackElo "1564"]
[Result "1-0"]
[Round "05"]
[TimeControl "180+2"]
[Date "2023.03.14"]
[WhiteClock "0:01:09"]
[BlackClock "0:01:45"]

1. e4 c5 2. Nf3 d6 3. Bb5+ Nd7 4. O-O Nf6 5. Re1 a6 6. Bf1 g6 7. c3 Bg7 8. d4 cxd4 9. cxd4 e5 10. dxe5 Nxe5 11. Nxe5 dxe5 12. Qxd8+ Kxd8 13. Nc3 Be6 14. Bg5 Kc7 15. Rac1 Nd7 16. Nd5+ Kb8 17. Nc7 Bxa2 18. Nxa8 Kxa8 19. Rc7 Be6 20. Rd1 Nb6 21. Rd8+ Rxd8 22. Bxd8 Na4 23. Rc2 Bb3 24. Re2 b5 25. g3 Kb7 26. h4 Kc6 27. Rd2 Bf8 28. Bf6 Bb4 29. Rd8 Nxb2 30. Bxe5 Nc4 31. Bxc4 bxc4 32. f4 c3 33. Rc8+ Kb7 34. Rb8+ Kc6 35. Rxb4 1-0


[Site "https://www.chess.com"]

[Event "Titled Tuesday Blitz March 14 Early 2023"]
[White "Chakravarthi Reddy, M"]
[Black "Zarnicki, Pablo"]
[WhiteFideId "25009532"]
[BlackFideId "100137"]
[WhiteElo "2201"]
[BlackElo "2468"]
[Result "0-1"]
[Round "05"]
[TimeControl "180+2"]
[Date "2023.03.14"]
[WhiteClock "0:00:09"]
[BlackClock "0:00:33"]

1. c4 Nf6 2. Nc3 g6 3. d4 d6 4. e4 Bg7 5. Be2 O-O 6. Be3 Nbd7 7. h3 e5 8. d5 Nc5 9. Qc2 c6 10. Bxc5 dxc5 11. dxc6 bxc6 12. Nf3 Ne8 13. O-O Nc7 14. Rfd1 Qe7 15. a3 a5 16. Na4 Ne6 17. Nb6 Rb8 18. Nxc8 Rfxc8 19. Rd2 Nd4 20. Nxd4 cxd4 21. c5 Rc7 22. Bc4 Rcb7 23. Rb1 Kh8 24. Ba2 Rb5 25. b4 axb4 26. axb4 Rxb4 27. Rxb4 Rxb4 28. Kh2 h5 0-1


[Site "https://www.chess.com"]

[Event "Titled Tuesday Blitz March 14 Early 2023"]
[White "Rosen, Eric"]
[Black "Fernandez Siles, Luis"]
[WhiteFideId "2032562"]
[BlackFideId "2209420"]
[WhiteElo "2331"]
[BlackElo "2186"]
[Result "1-0"]
[Round "05"]
[TimeControl "180+2"]
[Date "2023.03.14"]
[WhiteClock "0:00:25"]
[BlackClock "0:00:05"]

1. d4 Nf6 2. Bf4 g6 3. Nc3 d5 4. e3 c6 5. h4 h5 6. Nf3 Bg4 7. Qd2 Bxf3 8. gxf3 Bg7 9. O-O-O Nbd7 10. e4 Nb6 11. e5 Nfd7 12. e6 fxe6 13. Bd3 Nf8 14. Qe2 Qd7 15. Be5 Bf6 16. Rhg1 Rg8 17. f4 Bxe5 18. fxe5 O-O-O 19. Rg3 Qe8 20. Rdg1 Qf7 21. Qe3 Nc4 22. Bxc4 dxc4 23. Ne4 Rd5 24. c3 b6 25. Rf3 Qe8 26. Qe2 b5 27. Nc5 Rxc5 28. dxc5 Nd7 29. Qe3 Rf8 30. Rxf8 Qxf8 31. Rxg6 Qf5 32. Rg8+ Kc7 33. f4 Qf7 34. Rg5 Nf8 35. Qe4 Nd7 36. Qd4 Qf8 37. a4 a6 38. Rxh5 Qg7 39. Rg5 Qh7 40. h5 Nb8 41. f5 exf5 42. e6 f4 43. Rg7 Qf5 44. Rxe7+ Kc8 45. Qh8+ 1-0


[Site "https://www.chess.com"]

[Event "Titled Tuesday Blitz March 14 Early 2023"]
[White "Karttunen, Mika"]
[Black "Alahakoon, Isuru"]
[WhiteFideId "502081"]
[BlackFideId "9900993"]
[WhiteElo "2396"]
[BlackElo "1995"]
[Result "1-0"]
[Round "05"]
[TimeControl "180+2"]
[Date "2023.03.14"]
[WhiteClock "0:00:13"]
[BlackClock "0:00:09"]

1. c4 e5 2. Nc3 Nc6 3. g3 Bc5 4. Bg2 d6 5. e3 a6 6. Nge2 Ba7 7. O-O h5 8. h4 g5 9. hxg5 Qxg5 10. f4 exf4 11. gxf4 Qd8 12. Qe1 h4 13. Kh2 h3 14. Bf3 Nf6 15. Rg1 Be6 16. Nd5 Bxd5 17. cxd5 Ne7 18. b3 Nexd5 19. Bb2 c6 20. Rg5 Nb4 21. Qg3 Nd3 22. Bc3 Qe7 23. Rg1 O-O-O 24. Rf5 Rh6 25. Qg5 Ng8 26. Qxe7 Nxe7 27. Rxf7 Nd5 28. Bg7 Rh7 29. Be4 Rh4 30. Bxd3 Nb4 31. Bb1 d5 32. Ng3 d4 33. Nf5 Bb6 34. Nxh4 dxe3 35. dxe3 Rd2+ 36. Kxh3 Nc2 37. Bxc2 Rxc2 38. Rg2 Rc1 39. Nf5 Bxe3 40. Nxe3 Rh1+ 41. Kg4 Ra1 42. Be5 b5 43. Kf5 1-0


[Site "https://www.chess.com"]

[Event "Titled Tuesday Blitz March 14 Early 2023"]
[White "Manukyan, Sargis V."]
[Black "Bennett, Patrick"]
[WhiteFideId "13303465"]
[BlackFideId "1801228"]
[WhiteElo "2236"]
[BlackElo "2365"]
[Result "1-0"]
[Round "05"]
[TimeControl "180+2"]
[Date "2023.03.14"]
[WhiteClock "0:00:10"]
[BlackClock "0:00:01"]

1. d4 d5 2. c4 dxc4 3. Nc3 c6 4. a4 a6 5. e4 b5 6. Nf3 Bb7 7. h4 e6 8. Bg5 Qb6 9. a5 Qc7 10. g3 Nd7 11. Bh3 h6 12. Bf4 Bd6 13. e5 Bb4 14. O-O Bxc3 15. bxc3 Ne7 16. h5 c5 17. Bg2 Nd5 18. Bd2 cxd4 19. Nxd4 Qxe5 20. Qg4 Qf6 21. Rfe1 Ne5 22. Qh3 Nd3 23. Re2 O-O 24. Rf1 b4 25. Nxe6 fxe6 26. Rxe6 Qf5 27. cxb4 Qxh3 28. Bxh3 c3 29. Bc1 Nxc1 30. Rxc1 Rac8 31. Bg2 Rc7 32. Rd6 Nxb4 33. Bxb7 Rxb7 34. Rxc3 Rbf7 35. f4 Rf5 36. Rc4 Rb5 37. Rd7 Rf7 38. Rc8+ Rf8 39. Rcc7 Rff5 40. Rxg7+ Kf8 41. Rh7 Kg8 42. Rcg7+ Kf8 43. Ra7 Kg8 44. Rhg7+ Kh8 45. Rh7+ Kg8 46. Rxh6 Rxh5 47. Rg6+ Kh8 48. Kg2 Rxa5 49. Ra8+ Kh7 50. Rag8 Ra2+ 51. Kf3 Ra3+ 52. Kg4 Rh1 53. f5 Rg1 54. R6g7+ Kh6 55. Rg6+ Kh7 56. R6g7+ Kh6 57. Kf4 Rf1+ 58. Ke5 Nd3+ 59. Kf6 Rxf5+ 60. Kxf5 Nc5 61. g4 Rf3+ 62. Ke5 Re3+ 63. Kf4 Re4+ 64. Kg3 Re3+ 65. Kh4 Ne4 66. g5+ 1-0


[Site "https://www.chess.com"]

[Event "Titled Tuesday Blitz March 14 Early 2023"]
[White "Escano Dionicio, Porfirio Simeon"]
[Black "ArtemDyachuk"]
[WhiteFideId "6406181"]
[WhiteElo "1968"]
[BlackElo "2360"]
[Result "0-1"]
[Round "05"]
[TimeControl "180+2"]
[Date "2023.03.14"]
[WhiteClock "0:00:11"]
[BlackClock "0:00:03"]

1. d4 Nf6 2. c4 c5 3. Nf3 cxd4 4. Nxd4 Qc7 5. Nc3 Qxc4 6. e4 Qc7 7. Ndb5 Qd8 8. e5 Ng8 9. Nd5 Na6 10. Qc2 e6 11. Nbc7+ Nxc7 12. Nxc7+ Ke7 13. Nxa8 f6 14. exf6+ Nxf6 15. Be2 h5 16. Bd2 Kf7 17. Rc1 Bd6 18. Nc7 a6 19. O-O b5 20. h3 Bb7 21. a4 Ng4 22. f4 Qh4 23. Bf3 Qg3 24. Rfe1 Qf2+ 25. Kh1 Bxf3 26. Be3 Bxg2# 0-1


[Site "https://www.chess.com"]

[Event "Titled Tuesday Blitz March 14 Early 2023"]
[White "Liu, Casper"]
[Black "Kozin, Yuri"]
[WhiteFideId "1454153"]
[BlackFideId "4129920"]
[WhiteElo "2221"]
[BlackElo "2514"]
[Result "0-1"]
[Round "05"]
[TimeControl "180+2"]
[Date "2023.03.14"]
[WhiteClock "0:01:08"]
[BlackClock "0:01:47"]

1. d4 d5 2. c4 c6 3. Nc3 Nf6 4. Nf3 dxc4 5. a4 Bf5 6. Nh4 Bd7 7. e4 b5 8. e5 Nd5 9. Nxd5 cxd5 10. e6 Bxe6 11. axb5 Bd7 12. b3 Bxb5 13. bxc4 Bxc4 14. Bxc4 dxc4 15. Qa4+ Nd7 16. Qxc4 e6 17. Nf3 Bd6 18. O-O O-O 19. Bg5 Be7 20. Be3 Nb6 21. Qe2 Nd5 22. Ne5 Bd6 23. Ra6 Bxe5 24. dxe5 Qc7 25. Bd4 Nb4 26. Ra4 a5 27. h3 Rfd8 28. Qb2 Qd7 29. Bb6 Qxa4 0-1


[Site "https://www.chess.com"]

[Event "Titled Tuesday Blitz March 14 Early 2023"]
[White "Rostomyan, Mikayel"]
[Black "Turzo, Attila"]
[WhiteFideId "13313754"]
[BlackFideId "704954"]
[WhiteElo "2009"]
[BlackElo "2513"]
[Result "0-1"]
[Round "05"]
[TimeControl "180+2"]
[Date "2023.03.14"]
[WhiteClock "0:00:01"]
[BlackClock "0:00:10"]

1. e4 c5 2. Nf3 Nc6 3. Bb5 g6 4. Bxc6 dxc6 5. d3 Bg7 6. h3 e5 7. O-O Qe7 8. a4 Nf6 9. b3 Nd7 10. Bb2 Nf8 11. Nbd2 f6 12. Qe2 Ne6 13. Qe3 O-O 14. Kh2 Nd4 15. Rac1 Be6 16. c3 Nxb3 17. Nxb3 Bxb3 18. Ba3 b6 19. d4 Bxa4 20. dxc5 b5 21. c4 bxc4 22. Nd2 Qe6 23. Nxc4 Bb5 24. Qc3 Rfd8 25. Nd6 Bxf1 26. Rxf1 Bf8 27. Qa5 Bxd6 28. cxd6 Rxd6 29. Bxd6 Qxd6 30. Rc1 Qd7 31. Qa6 Rc8 32. Rb1 Rc7 33. Rb8+ Kg7 34. Qc4 Qf7 35. Qc5 Qe7 36. Qc4 Qf7 37. Qc5 h5 38. Ra8 Kh7 39. h4 Qg7 40. Rb8 Qe7 41. Qc4 Qf7 42. Qc5 f5 43. Qxe5 Qg7 44. Qe6 fxe4 45. Qxe4 c5 46. Rb3 c4 47. Rb2 c3 48. Rc2 Qf6 0-1


[Site "https://www.chess.com"]

[Event "Titled Tuesday Blitz March 14 Early 2023"]
[White "rikchessmx"]
[Black "Sai Han Thiha"]
[BlackFideId "13012290"]
[WhiteElo "2326"]
[BlackElo "1954"]
[Result "0-1"]
[Round "05"]
[TimeControl "180+2"]
[Date "2023.03.14"]
[WhiteClock "0:02:09"]
[BlackClock "0:01:27"]

1. e4 c6 2. d4 d5 3. Nc3 dxe4 4. Nxe4 Nf6 5. Ng5 Bf5 6. N1f3 h6 7. Nh3 Bxh3 8. gxh3 e6 9. Bg2 Nbd7 10. Be3 Nd5 11. Qd2 Bd6 12. O-O-O b5 13. Kb1 a5 14. Ne1 N7b6 15. Nd3 Nc4 16. Qe2 a4 17. Bc1 a3 18. b3 Nc3+ 0-1


[Site "https://www.chess.com"]

[Event "Titled Tuesday Blitz March 14 Early 2023"]
[White "MunichMouse"]
[Black "Horak, Martin"]
[BlackFideId "367095"]
[WhiteElo "2307"]
[BlackElo "2091"]
[Result "0-1"]
[Round "05"]
[TimeControl "180+2"]
[Date "2023.03.14"]
[WhiteClock "0:00:34"]
[BlackClock "0:00:49"]

1. d4 Nf6 2. c4 e6 3. Nf3 d5 4. g3 dxc4 5. Qa4+ Nbd7 6. Qxc4 a6 7. Bg2 b5 8. Qd3 Bb7 9. Nbd2 c5 10. O-O cxd4 11. Nxd4 Bxg2 12. Kxg2 Nc5 13. Qf3 Rc8 14. N4b3 Qd5 15. Rd1 Be7 16. Nxc5 Rxc5 17. e4 Qc6 18. Nb3 Rc2 19. Nd4 Qc7 20. e5 Nd5 21. Nxc2 Qxc2 22. Rd2 Qc6 23. b3 O-O 24. Bb2 Rd8 25. Rc1 Ne3+ 26. Kh3 Qxf3 27. Rxd8+ Bxd8 28. fxe3 g5 0-1


[Site "https://www.chess.com"]

[Event "Titled Tuesday Blitz March 14 Early 2023"]
[White "Shubenkova, Veronika"]
[Black "Levitan, Caleb Levi"]
[WhiteFideId "44124040"]
[BlackFideId "14332620"]
[WhiteElo "2027"]
[BlackElo "1963"]
[Result "1-0"]
[Round "05"]
[TimeControl "180+2"]
[Date "2023.03.14"]
[WhiteClock "0:00:44"]
[BlackClock "0:00:05"]

1. e4 e5 2. Nf3 Nc6 3. Bb5 a6 4. Bxc6 dxc6 5. O-O Bg4 6. h3 h5 7. d3 Qf6 8. Be3 Ne7 9. Nbd2 Ng6 10. Bg5 Qxg5 11. Nxg5 Bxd1 12. Raxd1 Be7 13. Ngf3 f6 14. Rfe1 O-O-O 15. Nb3 Nf4 16. Kh2 g5 17. g3 Ne6 18. d4 g4 19. d5 cxd5 20. exd5 Nc5 21. Nh4 Nxb3 22. axb3 Bc5 23. hxg4 Bxf2 24. Rf1 Be3 25. Rxf6 hxg4 26. Rf5 Rdf8 27. Kg2 Rxf5 28. Nxf5 Bc5 29. Re1 Bd6 30. Re4 Rf8 31. Nxd6+ cxd6 32. Rxg4 Kc7 33. Rg7+ Kb6 34. Rg6 Kc5 35. c4 b5 36. Re6 bxc4 37. bxc4 Rb8 38. g4 Rxb2+ 39. Kg3 Rc2 40. g5 Rxc4 41. g6 Rc1 42. Kg2 Rc2+ 43. Kf3 Rc1 44. Ke4 Re1+ 45. Kf5 Rf1+ 46. Kg5 Kxd5 47. Re8 e4 48. g7 Rg1+ 49. Kf6 Kd4 50. Ra8 e3 51. Rxa6 e2 52. Rxd6+ Kc5 53. Re6 Rg2 54. Rxe2 Rxe2 55. g8=Q Rf2+ 56. Ke7 Re2+ 57. Kd8 Rd2+ 58. Kc8 Kd4 59. Qd8+ Ke3 60. Qg5+ Ke2 61. Qg4+ Kf2 62. Kc7 Rd3 63. Kc6 Re3 64. Kc5 Rg3 65. Qd4+ Kg2 66. Qe4+ Kf2 67. Kd5 Rf3 68. Qc2+ Kg3 69. Ke4 Ra3 70. Qc7+ Kf2 71. Qc5+ Ke2 72. Qxa3 Kd2 73. Kd4 Kc2 74. Kc4 Kb1 75. Qe3 Ka2 76. Qc3 Kb1 77. Qd2 Ka1 78. Kb3 1-0


[Site "https://www.chess.com"]

[Event "Titled Tuesday Blitz March 14 Early 2023"]
[White "Bilan, Danila"]
[Black "Wilson, Elvin"]
[WhiteFideId "24161918"]
[BlackFideId "2014874"]
[WhiteElo "2182"]
[BlackElo "2284"]
[Result "1-0"]
[Round "05"]
[TimeControl "180+2"]
[Date "2023.03.14"]
[WhiteClock "0:00:04"]
[BlackClock "0:00:01"]

1. d4 Nf6 2. Nf3 e6 3. g3 d5 4. Bg2 b5 5. O-O Bb7 6. Bg5 Nbd7 7. Nbd2 c5 8. c3 h6 9. Bf4 Be7 10. Ne5 O-O 11. Re1 Qb6 12. e3 g5 13. Nxd7 Nxd7 14. Be5 f6 15. dxc5 Qc6 16. Bd6 Bxd6 17. cxd6 Qxd6 18. e4 Nb6 19. Qh5 Kg7 20. Rad1 Rad8 21. Nf3 Rfe8 22. e5 fxe5 23. Nxe5 Qe7 24. Qg6+ Kf8 25. Qxh6+ Qg7 26. Qh5 Kg8 27. Rd4 Nc4 28. Nxc4 dxc4 29. Rg4 Bxg2 30. Rxg5 Rd5 31. Rxg7+ Kxg7 32. Qxe8 1-0


[Site "https://www.chess.com"]

[Event "Titled Tuesday Blitz March 14 Early 2023"]
[White "Jiang, Andrew"]
[Black "Zaksaite, Salomeja"]
[WhiteFideId "30953510"]
[BlackFideId "12801496"]
[WhiteElo "1883"]
[BlackElo "2059"]
[Result "1-0"]
[Round "05"]
[TimeControl "180+2"]
[Date "2023.03.14"]
[WhiteClock "0:02:19"]
[BlackClock "0:00:04"]

1. e4 c5 2. Nf3 Nc6 3. c3 Nf6 4. e5 Nd5 5. d4 cxd4 6. cxd4 e6 7. a3 d6 8. Bc4 dxe5 9. dxe5 Nb6 10. Qxd8+ Nxd8 11. Bb5+ Bd7 12. Bxd7+ Nxd7 13. Nc3 Nc6 14. Bf4 O-O-O 15. O-O-O Be7 16. Kc2 g5 17. Bxg5 Bxg5 18. Nxg5 Ndxe5 19. Rxd8+ Nxd8 20. f4 Nec6 21. Nce4 Rg8 22. g3 h6 23. Nd6+ Kc7 24. Ngxf7 Rf8 25. Nxd8 1-0


[Site "https://www.chess.com"]

[Event "Titled Tuesday Blitz March 14 Early 2023"]
[White "Seresin, Francesco"]
[Black "Begunov, Konstantin"]
[WhiteFideId "886335"]
[BlackFideId "4118510"]
[WhiteElo "2219"]
[BlackElo "2079"]
[Result "1-0"]
[Round "05"]
[TimeControl "180+2"]
[Date "2023.03.14"]
[WhiteClock "0:01:53"]
[BlackClock "0:00:02"]

1. d4 d5 2. c4 c6 3. cxd5 cxd5 4. Nc3 Nf6 5. Bf4 Nc6 6. e3 a6 7. Bd3 Bg4 8. Nge2 e6 9. f3 Bh5 10. Qb3 Na5 11. Qa4+ Nc6 12. Qb3 Ra7 13. Kf2 Bg6 14. Rhd1 Bd6 15. Rac1 Bxd3 16. Rxd3 O-O 17. Na4 Na5 18. Qb6 Qxb6 19. Nxb6 Bxf4 20. Nxf4 Nc6 21. Rdc3 a5 22. Nd3 Ra6 23. Na4 Nd7 24. b3 g5 25. Nac5 Nxc5 26. Nxc5 Rb6 27. Nd7 Rb4 28. Nxf8 Kxf8 29. Kg3 Ke7 30. Kg4 f6 31. h4 h6 32. h5 e5 33. Kf5 exd4 34. exd4 Kf7 35. Rxc6 bxc6 36. Rxc6 Rxd4 37. Rc7+ Ke8 38. Kxf6 Rd2 39. g4 Rf2 40. Kg6 Rxf3 41. Kxh6 d4 42. Kxg5 d3 43. Rc5 Ke7 44. Rd5 Ke6 45. Rd8 Ke5 46. h6 Ke4 47. h7 Rh3 48. Kg6 Ke3 49. g5 d2 50. Kg7 Ke2 51. Rxd2+ Kxd2 52. g6 Rxb3 53. h8=Q Rb7+ 54. Kh6 Rb4 55. Qd8+ Kc3 56. Qxa5 1-0


[Site "https://www.chess.com"]

[Event "Titled Tuesday Blitz March 14 Early 2023"]
[White "Staudenhocker43"]
[Black "Fajdetic, Hrvoje"]
[BlackFideId "14501945"]
[WhiteElo "2416"]
[BlackElo "2185"]
[Result "1-0"]
[Round "05"]
[TimeControl "180+2"]
[Date "2023.03.14"]
[WhiteClock "0:00:59"]
[BlackClock "0:00:02"]

1. d4 e6 2. c4 f5 3. g3 Nf6 4. Bg2 d5 5. Nf3 c6 6. O-O Bd6 7. b3 O-O 8. Ba3 Ne4 9. Qc1 a5 10. Bxd6 Qxd6 11. Nc3 b6 12. Ne5 Nd7 13. Nxd7 Bxd7 14. f3 Nxc3 15. Qxc3 f4 16. gxf4 Qxf4 17. e3 Qh4 18. Qd2 Rf6 19. Qf2 Qh5 20. f4 Rh6 21. Bf3 Qg6+ 22. Kh1 a4 23. Rg1 Qf6 24. Rab1 axb3 25. Rxb3 Rb8 26. c5 b5 27. a4 Rg6 28. axb5 Rxg1+ 29. Qxg1 cxb5 30. Qg4 Bc6 31. Be2 b4 32. Kg2 Ba4 33. Rb2 Be8 34. Bd3 b3 35. Qg5 Qxg5+ 36. fxg5 Ba4 37. Kf3 g6 38. Kf4 Kf7 39. Ke5 Ke7 40. e4 dxe4 41. Kxe4 Rf8 42. Bc4 Rb8 43. Ke5 Rb4 44. Bxe6 1-0


[Site "https://www.chess.com"]